 Dungeon Crawl Stone Soup version 0.30.1-3-gfc49f6343a (webtiles) character file.

Game seed: 2083954350295914015

2 cdecastro the Caller (level 1, 0/13 HPs)
             Began as a Merfolk Summoner on Aug 1, 2023.
             Slain by a quokka (3 damage)
             ... on level 1 of the Dungeon.
             The game lasted 00:01:08 (243 turns).

cdecastro the Caller (Merfolk Summoner)              Turns: 243, Time: 00:01:09

Health: 0/13       AC:  2    Str:  8    XL:     1   Next: 40%
Magic:  2/3        EV: 12    Int: 14    God:
Gold:   18         SH:  0    Dex: 14    Spells: 3/4 levels left

rFire   . . .        (no weapon)
rCold   . . .        (no shield)
rNeg    . . .        a - +0 robe
rPois   .            (no helmet)
rElec   .            (no cloak)
rCorr   .            (no gloves)
SInv    .            (no boots)
Will    .....        (no amulet)
Stlth   ++           (no ring)
HPRegen 0.22/turn    (no ring)
MPRegen 0.08/turn

%: no passive effects
@: no status effects
A: (nimble swimmer 2), mertail
a: no special abilities


You were on level 1 of the Dungeon.
You visited 1 branch of the dungeon, and saw 1 of its levels.

You collected 18 gold pieces.

Inventory:

Armour
 a - a +0 robe (worn)
Scrolls
 c - a scroll of enchant weapon {unknown}
Potions
 b - a potion of magic
 d - 2 potions of degeneration {unknown}


   Skills:
 - Level 2.6 Dodging
 - Level 2.1 Stealth
 - Level 2.0 Spellcasting
 + Level 4.1 Summonings


You had 3 spell levels left.
You knew the following spells:

 Your Spells              Type           Power      Damage    Failure   Level
a - Summon Small Mammal   Summ           52%        N/A       4%          1

Your spell library contained the following spells:

 Spells                   Type           Power      Damage    Failure   Level
 Call Imp                 Summ           26%        N/A       7%          2
 Call Canine Familiar     Summ           13%        N/A       13%         3
 Summon Guardian Golem    Hex/Summ       7%         N/A       30%         3
 Summon Lightning Spire   Summ/Air       7%         N/A       71%         4


Dungeon Overview and Level Annotations

Branches:
Dungeon (1/15)

Altars:


Innate Abilities, Weirdness & Mutations

((You are very nimble when in or above water. (Stealth+, EV+, Speed+++)))
Your lower body shifts to a powerful aquatic tail in water.


Message History

The quokka closely misses you. The quokka bites you.
* * * LOW HITPOINT WARNING * * *
Your bat hits the quokka but does no damage.
You hit the quokka but do no damage.
The quokka is lightly wounded.
Your bat misses the quokka.
Your bat closely misses the quokka.
The quokka closely misses you.
You barely miss the quokka.
The quokka is lightly wounded.
Your bat barely misses the quokka.
The quokka closely misses you.
Your bat hits the quokka but does no damage.
You closely miss the quokka.
The quokka is lightly wounded.
Your bat closely misses the quokka.
Your bat misses the quokka. Your bat hits the quokka. The quokka misses you.
You hit the quokka.
The quokka is heavily wounded.
Your bat closely misses the quokka.
Your bat hits the quokka but does no damage.
Your bat barely misses the quokka.
The quokka barely misses you.
Your bat closely misses the quokka.
You closely miss the quokka.
The quokka is heavily wounded.
Your bat hits the quokka but does no damage.
The quokka closely misses you.
The quokka bites you but does no damage.
Your bat misses the quokka. You hit the quokka but do no damage.
The quokka is heavily wounded.
Your bat closely misses the quokka.
Your bat barely misses the quokka.
The quokka bites you.
* * * LOW HITPOINT WARNING * * *
You closely miss the quokka.
The quokka is heavily wounded.
Your bat closely misses the quokka.
The quokka closely misses you.
Your bat misses the quokka. You hit the quokka.
The quokka is severely wounded.
Your bat closely misses the quokka.
The quokka bites you.
You die...

#.# #......#
#.#####......#
#....##......#
#.##..#......#
#####............#
#................##
#..........b......#
####...............#.#
###......†......@rb..#.#
#...############.......#
#.### #...###........
..# #.....# #.##.....
#### #.####..... ####
#..# #. .####. '.P# # .#
.# #..# .8 # #### .#


You could see a quokka (ally target) and 2 friendly bats.

Vanquished Creatures
  A ball python (D:1)
1 creature vanquished.

Vanquished Creatures (collateral kills)
  A ball python (D:1)
  A frilled lizard (D:1)
2 creatures vanquished.

Grand Total: 3 creatures vanquished

Notes
Turn   | Place    | Note
-------+----------+-------------------------------------------
     0 | D:1      | cdecastro the Merfolk Summoner began the quest for the Orb.
     0 | D:1      | Reached XP level 1. HP: 13/13 MP: 3/3
   243 | D:1      | Slain by a quokka

Illustrated notes

Levels and vault maps discovered:
D:1:      dpeg_arrival_prison, layout_basic, shapermc_ecumenical_altar_petra

Action                     || total
---------------------------++-------
  Melee: Unarmed           ||    31
         Punch             ||     1
   Cast: Summon Small Mamm ||     8
   Stab: Distracted        ||     1
         Sleeping          ||     1
 Armour: Robe              ||     8
  Dodge: Dodged            ||    28
